 Dungeon Crawl Stone Soup version 0.30-a0-330-g8f2769a82d (webtiles) character file.

Game seed: 3085564803330166378

8 Kirkhe the Chopper (level 2, 22/22 HPs)
             Began as a Demonspawn Gladiator on Oct 28, 2022.
             Quit the game on level 1 of the Dungeon.
             The game lasted 00:00:24 (151 turns).

Kirkhe the Chopper (Demonspawn Gladiator)            Turns: 151, Time: 00:00:25

Health: 22/22      AC:  4    Str: 14    XL:     2   Next: 0%
Magic:  2/2        EV: 12    Int:  9    God:
Gold:   58         SH:  0    Dex: 14    Spells: 1/1 levels left

rFire   . . .      SeeInvis .    a - +0 war axe
rCold   . . .      Faith    .    (no shield)
rNeg    . . .      Spirit   .    b - +0 leather armour
rPois   .          Reflect  .    c - +0 helmet
rElec   .          Harm     .    (no cloak)
rCorr   .          Rampage  .    (no gloves)
Will    .....                    (no boots)
Stlth   +.........               (no amulet)
HPRegen 0.23/turn                (no ring)
MPRegen 0.08/turn                (no ring)

@: no status effects
A: demonic guardian 1
a: no special abilities


You were on level 1 of the Dungeon.
You visited 1 branch of the dungeon, and saw 1 of its levels.

You collected 58 gold pieces.

Inventory:

Hand Weapons
 a - a +0 war axe (weapon)
Missiles
 d - 3 throwing nets (quivered)
 e - a javelin
Armour
 b - a +0 leather armour (worn)
 c - a +0 helmet (worn)
Scrolls
 f - 3 scrolls of identify {unknown}
 g - a scroll of teleportation {unknown}
Potions
 h - a potion of heal wounds {unknown}
 i - a potion of lignification {unknown}
 j - a potion of berserk rage {unknown}


   Skills:
 + Level 2.1 Fighting
 + Level 2.9 Axes
 + Level 1.8 Throwing
 + Level 2.9 Dodging


You had one spell level left.
You didn't know any spells.
Your spell library was empty.

Dungeon Overview and Level Annotations

Branches:
Dungeon (1/15)

Altars:


Innate Abilities, Weirdness & Mutations

A weak demonic guardian rushes to your aid.


Message History

Found a sedimented sapphire potion.
Found a stone staircase leading down.
The endoplasm quivers.
Found a blue potion.
You slash the endoplasm!
You kill the endoplasm!
No target in view!
No target in view!
You now have 34 gold pieces (gained 10).
h - a sedimented sapphire potion
i - a blue potion You now have 52 gold pieces (gained 18).
Found a stone staircase leading down.
f - 3 scrolls labelled LUITUC LEPLIU (gained 1)
An endoplasm comes into view.
The endoplasm quivers.
An endoplasm is nearby!
An endoplasm is nearby!
No target in view!
No target in view!
No target in view!
An endoplasm is nearby!
The endoplasm freezes you.
You are frozen.
You slash the endoplasm!
You kill the endoplasm!
No target in view!
No target in view!
You now have 58 gold pieces (gained 6).
j - an emerald potion A rat comes into view.
A rat is nearby!
A rat is nearby!
The rat bites you.
You completely miss the rat. The rat closely misses you.
You slash the rat!
You kill the rat!
You have reached level 2!
Your demonic ancestry asserts itself...
You feel the presence of a demonic guardian.
Are you sure you want to abandon this character and quit the game? (Confirm with "yes".)

..#.....#..### ..
#..<..#...## #.
..#.....#..... #.
#..8.....8..#.# # #.#
#.##.######.... ..##
..###..#.....#.....
#....#...#..............
#...#.#..#..##.......
#†@..........##....
####.........##..>.
#########...............
........................
########.........#######
#.........#
##.........###
##..######....# #...#
######


There were no monsters in sight!

Vanquished Creatures
  3 endoplasms (D:1)
  A goblin (D:1)
  A hobgoblin (D:1)
  2 rats (D:1)
7 creatures vanquished.

Notes
Turn   | Place    | Note
-------+----------+-------------------------------------------
     0 | D:1      | Kirkhe the Demonspawn Gladiator began the quest for the
                  | Orb.
     0 | D:1      | Reached XP level 1. HP: 16/16 MP: 1/1
   151 | D:1      | Gained mutation: A weak demonic guardian rushes to your
                  | aid. [demonic ancestry]
   151 | D:1      | Reached XP level 2. HP: 22/22 MP: 2/2
   151 | D:1      | Quit the game

Illustrated notes

Levels and vault maps discovered:
D:1:      scummos_arrival_simple_crosswalls, layout_rooms

Action                   || total
-------------------------++-------
Melee: War axe           ||    15
Armor: Leather armour    ||     1
Dodge: Dodged            ||     9

Table legend: (Time is in decaauts)
 A = Elapsed time spent in this place.
 B = Non-inter-level travel time spent in this place.
 C = Inter-level travel time spent in this place.
 D = Time resting spent in this place.
 E = Time spent auto-exploring this place.
 F = Levels seen in this place.
 G = Mean time per level.
                   A        B        C        D        E       F      G
               +--------+--------+--------+--------+--------+-----+--------+
         Total |    156 |    156 |      0 |     39 |     75 |   1 |  156.0 |
       Dungeon |    156 |    156 |      0 |     39 |     75 |   1 |  156.0 |
               +--------+--------+--------+--------+--------+-----+--------+

Top non-repeatable levels by time:
     D:1: 156 daAuts
